 Dungeon Crawl Stone Soup version 0.22.0-27-ga576289 (console) character file.

62 removed the Charmwright (level 3, 0/20 HPs)
             Began as a Deep Elf Skald on Aug 22, 2018.
             Slain by an orc
             ... wielding a +0 war axe
              (7 damage)
             ... on level 2 of the Dungeon.
             The game lasted 00:03:06 (1187 turns).

removed the Charmwright (Deep Elf Skald)            Turns: 1187, Time: 00:03:07

Health: 0/20       AC:  4    Str:  6    XL:     3   Next: 85%
Magic:  1/9        EV: 12    Int: 23    God:
Gold:   70         SH:  0    Dex: 14    Spells: 5/8 levels left

rFire    . . .     SeeInvis +   a - +0 falchion
rCold    . . .     Gourm    +   (no shield)
rNeg     . . .     Faith    .   b - +0 leather armour
rPois    .         Spirit   .   (helmet restricted)
rElec    .         Reflect  .   j - +0 cloak
rCorr    .         Harm     .   (no gloves)
MR       .....                  (no boots)
Stlth    +.........             f - amulet of the gourmand
HPRegen  0.06/turn              i - ring of see invisible
MPRegen  0.11/turn              (no ring)

@: brilliant, infused (expiring)
A: horns 1, blurry vision 1, weak 1
a: no special abilities


You were on level 2 of the Dungeon.
You were not hungry.

You visited 1 branch of the dungeon, and saw 2 of its levels.

You collected 70 gold pieces.

Inventory:

Hand Weapons
 a - a +0 falchion (weapon)
Armour
 b - a +0 leather armour (worn)
 j - a +0 cloak (worn)
Jewellery
 f - an amulet of the gourmand (around neck)
 i - a ring of see invisible (left hand)
Scrolls
 e - a scroll of amnesia {unknown}
 g - 2 scrolls of remove curse {unknown}
 k - a scroll of fog {unknown}
 m - a scroll of identify {unknown}
Comestibles
 d - 6 rations


   Skills:
 - Level 1.5 Fighting
 + Level 3.8 Long Blades
 - Level 0.7 Armour
 - Level 2.4 Dodging
 - Level 3.0 Spellcasting
 - Level 4.4 Charms


You had 5 spell levels left.
You knew the following spells:

 Your Spells              Type           Power        Failure   Level  Hunger
a - Infusion              Chrm           ####         1%          1    None
b - Shroud of Golubria    Chrm/Tloc      ####......   1%          2    ##.....

Your spell library contained the following spells:

 Spells                   Type           Power        Failure   Level  Hunger
 Song of Slaying          Chrm           #####...     1%          2    ##.....
 Regeneration             Chrm/Necr      ####......   2%          3    ###....
 Spectral Weapon          Hex/Chrm       ####....     2%          3    ###....


Dungeon Overview and Level Annotations

Branches:
Dungeon (2/15)

Altars:

Annotations:
D:2 exclusion: adder


Innate Abilities, Weirdness & Mutations

You have a pair of small horns on your head.
Scrolls take you a little longer to read.
You are weak. (Str -2)


Message History

The orc priest is heavily wounded.
Your magical infusion is running out.
The orc priest misses you. The orc barely misses you.
You riposte.
You hit the orc.
The orc is heavily wounded.
Unknown command.
You closely miss the orc priest.
The orc priest is heavily wounded.
The orc priest hits you with a club. The orc barely misses you.
Unknown command.
You aren't carrying any items that you can evoke.
It was a potion of mutation.
You feel extremely strange.
You feel weaker.
Your vision blurs.
A pair of horns grows on your head! The orc priest barely misses you.
You riposte.
You hit the orc priest. Your headbutt misses the orc priest.
The orc priest is almost dead.
It was a potion of brilliance.
You feel clever all of a sudden. The orc hits you with a war axe!
You die...

#.# #.# . # #.# ≈.
#.##.######. ...
#......S...( .... #####.##
.....#####.##...######## .
≈.....o...#...#.........
.##
......o@)###....########
..#########..#####.#.##.##
#.... ... #).###.# #...#
#.# #.## #.# ....# #.# #.#
#.# #...# #^# #.# #.#
#...###.# #.# #.#
..#.....##########.# #.#
#...###............# #.#


You could see an orc priest and an orc.

Vanquished Creatures
  An orc wizard (D:2)
  3 dart slugs
  2 orcs (D:2)
  A giant cockroach (D:1)
  A goblin (D:1)
  A hobgoblin (D:1)
  4 jackals (D:2)
  4 kobolds (D:1)
  A ball python (D:1)
  3 bats (D:1)
  3 frilled lizards
  3 rats
27 creatures vanquished.

Notes
Turn   | Place    | Note
-------+----------+-------------------------------------------
     0 | D:1      | removed the Deep Elf Skald began the quest for the Orb.
     0 | D:1      | Reached XP level 1. HP: 12/12 MP: 6/6
   297 | D:1      | Reached XP level 2. HP: 16/16 MP: 5/8
   316 | D:1      | Learned a level 2 spell: Shroud of Golubria
   983 | D:2      | Reached XP level 3. HP: 15/20 MP: 1/9
  1186 | D:2      | Gained mutation: You are weak. (Str -2) [potion of mutation]
  1186 | D:2      | Gained mutation: Scrolls take you a little longer to read. [potion of mutation]
  1186 | D:2      | Gained mutation: You have a pair of small horns on your head. [potion of mutation]
  1187 | D:2      | Slain by an orc

Skill      XL: |  1  2 |
---------------+-------+-----
Long Blades    | 2 3 |  3.8
Fighting       | |  1.5
Armour         | |  0.7
Dodging        | |  2.4
Spellcasting   | |  3.0
Charms         | |  4.4

Action                   || total
-------------------------++-------
Melee: Falchion          ||    81
 Cast: Infusion          ||    18
       Shroud of Golubri ||    14
  Use: Potion            ||     2
 Stab: Sleeping          ||     1
  Eat: Chunk             ||     5
Armor: Leather armour    ||    23
Dodge: Dodged            ||    60
       Rpst.: Falchion   ||    11
